 Dungeon Crawl Stone Soup version 0.18-b1-18-g7758cf2 (webtiles) character file.

33 Leszczynek the Stinger (level 3, -1/30 HPs)
             Began as a Hill Orc Venom Mage on May 2, 2016.
             Slain by an ogre
             ... wielding a +0 giant spiked club
              (31 damage)
             ... on level 4 of the Dungeon.
             The game lasted 00:03:51 (1217 turns).

Leszczynek the Stinger (Hill Orc Venom Mage)        Turns: 1217, Time: 00:03:52

Health: -1/30      AC:  5    Str: 11    XL:     3   Next: 29%
Magic:  8/14       EV: 12    Int: 15    God:
Gold:   159        SH:  0    Dex: 11    Spells: 2 memorised, 2 levels left

rFire  . . .     SeeInvis .     f - +2 dagger (venom)
rCold  . . .     Gourm    .     a - +0 robe
rNeg   . . .     Faith    .     (no shield)
rPois  .         Spirit   .     (no helmet)
rElec  .         Dismiss  .     l - +0 cloak
rCorr  .         Reflect  .     (no gloves)
SustAt .         Harm     .     i - +1 pair of boots
MR     .....                    (no amulet)
Stlth  ++........               (no ring)
                                e - ring of magical power

@: not resistant to hostile enchantments, unstealthy
A: no striking features
a: no special abilities


You were on level 4 of the Dungeon.
You were not hungry.

You visited 1 branch of the dungeon, and saw 3 of its levels.

You collected 159 gold pieces.

Inventory:

Hand Weapons
 f - a +2 dagger of venom (weapon)
Armour
 a - a +0 robe (worn)
 i - a +1 pair of boots (worn)
 l - a +0 cloak (worn)
Jewellery
 e - a ring of magical power (left hand)
Scrolls
 g - a scroll of teleportation {unknown}
 h - a scroll of enchant weapon
 k - a scroll of identify {unknown}
 n - a scroll of recharging {unknown}
Potions
 d - 2 potions of lignification {unknown}
Books
 b - a Young Poisoner's Handbook

   Spells                             Type                      Level
   a - Sting                          Conjuration/Poison           1
   b - Cure Poison                    Poison                       2
   c - Mephitic Cloud                 Conjuration/Poison/Air       3
   d - Olgreb's Toxic Radiance        Poison                       4
   e - Venom Bolt                     Conjuration/Poison           5
Comestibles
 c - a bread ration
 m - 2 meat rations


   Skills:
 * Level 2.9 Fighting
 + Level 1.2 Armour
 - Level 1.5 Dodging
 - Level 1.5 Stealth
 - Level 1.5 Spellcasting
 - Level 3.6 Poison Magic


You had 2 spell levels left.
You knew the following spells:

 Your Spells              Type           Power        Failure   Level  Hunger
a - Sting                 Conj/Pois      #...         12%         1    ##.....
b - Cure Poison           Pois           ##........   12%         2    ###....


Dungeon Overview and Level Annotations

Branches:
Dungeon (4/15)             Temple (0/1) D:4

Altars:

Annotations:
D:4 exclusion: oklob sapling


Message History

Aim: an ogre, wielding a giant spiked club (lightly wounded, poisoned)
The sting hits the ogre.
The ogre looks even sicker.
The ogre is moderately wounded.
Casting: Sting
Confirm with . or Enter, or press ? or * to list all spells.
Aiming: Sting
Press: ? - help, Shift-Dir - straight line, f/p - ogre
Aim: an ogre, wielding a giant spiked club (moderately wounded, poisoned)
The sting hits the ogre.
The ogre looks even sicker.
The ogre is moderately wounded.
Casting: Sting
Confirm with . or Enter, or press ? or * to list all spells.
Aiming: Sting
Press: ? - help, Shift-Dir - straight line, f/p - ogre
Aim: an ogre, wielding a giant spiked club (moderately wounded, poisoned)
The sting hits the ogre.
The ogre is moderately wounded.
The ogre hits you with a giant spiked club!!
Ouch! That really hurt!
You die...

#.# ####.##.## #.
#.# #....# .# #. #
#.###.#### # #.
....##.##...####.#
..................##
..#######....##.....
#.#.## .....
#.#.##......
#.#.@O......
#.####...... #.#
..... ... .... ..#
##)


You could see an ogre.

Vanquished Creatures
  3 dart slugs (D:1)
  A giant gecko (D:1)
  A bat (D:1)
  A giant cockroach (D:4)
  4 goblins
  A hobgoblin (D:1)
  3 jackals (D:1)
  2 kobolds (D:1)
  A quokka (D:4)
  A ball python (D:1)
  A giant newt (D:1)
  7 rats (D:1)
26 creatures vanquished.

Notes
Turn   | Place    | Note
--------------------------------------------------------------
     0 | D:1      | Leszczynek the Hill Orc Venom Mage began the quest for the Orb.
     0 | D:1      | Reached XP level 1. HP: 14/14 MP: 3/3
   180 | D:1      | Reached skill level 1 in Fighting
   233 | D:1      | Reached XP level 2. HP: 16/23 MP: 1/4
   237 | D:1      | Learned a level 2 spell: Cure Poison
   489 | D:1      | Reached skill level 1 in Armour
   688 | D:1      | Reached XP level 3. HP: 30/30 MP: 5/5
  1079 | D:2      | You fall through a shaft for 2 floors!
  1114 | D:4      | Found a staircase to the Ecumenical Temple.
  1114 | D:4      | Noticed an oklob sapling
  1211 | D:4      | Noticed an ogre
  1217 | D:4      | Slain by an ogre

Skill      XL: |  1  2 |
---------------+-------+-----
Fighting       | 1 2 |  2.9
Armour         | 1 |  1.2
Dodging        | |  1.5
Stealth        | |  1.5
Spellcasting   | |  1.5
Poison Magic   | |  3.6

Action                   || total
-------------------------++-------
Melee: Unarmed           ||     9
       Whip              ||    11
 Cast: Sting             ||    40
  Use: Scroll            ||     1
  Eat: Chunk             ||     2
Armor: Robe              ||     9
Dodge: Dodged            ||    15
